 Dungeon Crawl Stone Soup version 0.30-a0-1093-gcfb1e0cf12 (webtiles) character file.

Game seed: 8284185309941088303

3 Anamonty the Vexing (level 1, -1/13 HPs)
             Began as a Vampire Enchanter on Apr 17, 2023.
             Slain by a kobold
             ... wielding a +0 club
              (4 damage)
             ... on level 1 of the Dungeon.
             The game lasted 00:00:19 (113 turns).

Anamonty the Vexing (Vampire Enchanter)              Turns: 113, Time: 00:00:20

Health: -1/13      AC:  2    Str:  7    XL:     1   Next: 41%
Magic:  3/3        EV: 12    Int: 17    God:
Gold:   41         SH:  0    Dex: 14    Spells: 4/4 levels left

rFire   . . .      SeeInvis +    a - +1 dagger
rCold   . . .      Faith    .    (no shield)
rNeg    . . .      Spirit   .    b - +0 robe
rPois   .          Reflect  .    (no helmet)
rElec   .          Rampage  .    (no cloak)
rCorr   .                        (no gloves)
Will    .....                    (no boots)
Stlth   +++                      (no amulet)
HPRegen 0.42/turn                (no ring)
MPRegen 0.08/turn                (no ring)

@: healing quickly
A: alive, fangs 3, see invisible, vampiric 1
a: Exsanguinate


You were on level 1 of the Dungeon.
You visited 1 branch of the dungeon, and saw 1 of its levels.

You collected 41 gold pieces.

Inventory:

Hand Weapons
 a - a +1 dagger (weapon)
Armour
 b - a +0 robe (worn)
Potions
 c - 3 potions of invisibility
 d - a potion of flight {unknown}


   Skills:
 + Level 1.2 Short Blades
 + Level 2.2 Dodging
 * Level 4.5 Stealth
 + Level 2.0 Spellcasting
 * Level 4.5 Hexes


You had 4 spell levels left.
You didn't know any spells.
Your spell library contained the following spells:

 Spells                   Type           Power      Damage    Failure   Level
 Confusing Touch          Hex            17%        N/A       9%          3
 Tukima's Dance           Hex            17%        N/A       9%          3
 Ensorcelled Hibernation  Hex/Ice        18%        N/A       12%         2
 Dazzling Flash           Conj/Hex       18%        N/A       22%         3


Dungeon Overview and Level Annotations

Branches:
Dungeon (1/15)

Altars:


Innate Abilities, Weirdness & Mutations

Your natural rate of healing is accelerated.
You have razor-sharp teeth.
You have supernaturally acute eyesight. (SInv)
You are afflicted with vampirism.


Message History

The frilled lizard misses you. The kobold hits you but does no damage.
The kobold closely misses you. The frilled lizard closely misses you.
A nearby plant withers and dies. x2
The frilled lizard hisses.
The kobold attacks as you move away! The kobold closely misses you.
The frilled lizard attacks as you move away!
The frilled lizard closely misses you.
The frilled lizard attacks as you move away!
The frilled lizard bites you. The kobold attacks as you move away!
The kobold closely misses you.
The kobold hits you with a +0 short sword.
The frilled lizard bites you but does no damage.
The frilled lizard attacks as you move away!
The frilled lizard closely misses you. The kobold attacks as you move away!
The kobold hits you with a +0 short sword.
* * * LOW HITPOINT WARNING * * *
The kobold attacks as you move away!
The kobold hits you with a +0 short sword.
* * * LOW HITPOINT WARNING * * *
You hit the kobold.
The kobold is severely wounded.
The kobold closely misses you.
You hit the kobold.
You kill the kobold!
You hit the frilled lizard.
You kill the frilled lizard!
The kobold throws a stone.
The stone hits you but does no damage.
You hit the frilled lizard.
You kill the frilled lizard!
The frilled lizard misses you. x2; The kobold hits you with a +0 club.
* * * LOW HITPOINT WARNING * * *
Things that are here:
a +0 short sword; a frilled lizard corpse; a kobold corpse Unknown command.
The kobold attacks as you move away! The kobold closely misses you.
You hit the kobold.
The kobold is heavily wounded.
The kobold hits you with a +0 club.
You die...

# ###...###.##.# # #. #.# #.#
..........#.##.######.#.##.####.#
..###...#.#.##...............##.#
.#..............#####...)........
................# #...........[
.#..............# #..###.#.##.#
..###...#.####.## #..###.#.##.#
.............rl######..##.#..##.#
..............lK@........###....#
##.†...#######l######.###.#..####
......................# ##.#.#
.......#######.#####..###....#
..#.#..# #..# #..##.....##
..#.#).. #..# #..#.......# P
#.#.### #..# #............. .
#.#.# #..# ##.#.......### #..#
#.##.....##


You could see a quokka, a kobold and 3 frilled lizards.

Vanquished Creatures
  A bat (D:1)
  3 frilled lizards (D:1)
  A kobold (D:1)
5 creatures vanquished.

Vanquished Creatures (others)
  5 plants (D:1)
5 creatures vanquished.

Grand Total: 10 creatures vanquished

Notes
Turn   | Place    | Note
-------+----------+-------------------------------------------
     0 | D:1      | Anamonty the Vampire Enchanter began the quest for the Orb.
     0 | D:1      | Reached XP level 1. HP: 13/13 MP: 3/3
   113 | D:1      | Slain by a kobold

Illustrated notes

Levels and vault maps discovered:
D:1:      ncdulo_watergridlock, layout_loops_ring, minmay_lizard_king

Action                     || total
---------------------------++-------
  Melee: Dagger            ||    12
 Armour: Robe              ||     6
  Dodge: Dodged            ||    19

Table legend: (Time is in decaauts)
 A = Elapsed time spent in this place.
 B = Non-inter-level travel time spent in this place.
 C = Inter-level travel time spent in this place.
 D = Time resting spent in this place.
 E = Time spent auto-exploring this place.
 F = Levels seen in this place.
 G = Mean time per level.
                   A        B        C        D        E       F      G
               +--------+--------+--------+--------+--------+-----+--------+
         Total |    112 |    112 |      0 |      0 |     74 |   1 |  112.0 |
       Dungeon |    112 |    112 |      0 |      0 |     74 |   1 |  112.0 |
               +--------+--------+--------+--------+--------+-----+--------+

Top non-repeatable levels by time:
     D:1: 112 daAuts
